 Dungeon Crawl Stone Soup version 0.25-a0-353-ged6d54792d (webtiles) character file.

Game seed: 6794396345662538217, levelgen mode: deterministic

60 Inarius the Chopper (level 3, -1/28 HPs)
             Began as a Mummy Gladiator on Jan 2, 2020.
             Slain by a gnoll
             ... wielding a +0 spear of chaos
              (16 damage)
             ... on level 2 of the Dungeon.
             The game lasted 00:02:04 (1085 turns).

Inarius the Chopper (Mummy Gladiator)               Turns: 1085, Time: 00:02:04

Health: -1/28      AC:  6    Str: 18    XL:     3   Next: 80%
Magic:  3/3        EV: 12    Int:  7    God:
Gold:   59         SH:  0    Dex: 13    Spells: 2/2 levels left

rFire    x . .     SeeInvis .   b - +2 spear (chaos)
rCold    + . .     Gourm    .   (no shield)
rNeg     + + +     Faith    .   k - +0 ring mail
rPois    ∞         Spirit   .   i - +0 helmet
rElec    .         Reflect  .   (no cloak)
rCorr    .         Harm     .   (no gloves)
MR       .....                  (no boots)
Stlth    +.........             (no amulet)
HPRegen  0.09/turn              (no ring)
MPRegen  0.08/turn              (no ring)

@: no status effects
A: no food or potions, fire vulnerability, cold resistance 1, negative energy
resistance 3, torment resistance, unbreathing
a: no special abilities


You were on level 2 of the Dungeon.
You were not hungry.

You visited 1 branch of the dungeon, and saw 2 of its levels.

You collected 59 gold pieces.

Inventory:

Hand Weapons
 a - a +0 war axe
 b - a +2 spear of chaos (weapon)
Missiles
 d - 2 throwing nets (quivered)
 e - 71 stones
Armour
 i - a +0 helmet (worn)
 k - a +0 ring mail (worn)
Scrolls
 c - a scroll of remove curse {unknown}
 f - a scroll of enchant weapon {unknown}
 g - 3 scrolls of teleportation {unknown}
 h - a scroll of noise {unknown}
 j - a scroll of fear {unknown}


   Skills:
 + Level 2.4 Fighting
 + Level 3.1 Axes
 + Level 1.7 Throwing
 + Level 0.4 Armour
 + Level 2.9 Dodging


You had 2 spell levels left.
You didn't know any spells.
Your spell library was empty.

Dungeon Overview and Level Annotations

Branches:
Dungeon (2/15)

Altars:


Innate Abilities, Weirdness & Mutations

You do not eat or drink.
Your flesh is vulnerable to fire.
You are immune to poison.
Your flesh is cold resistant. (rC+)
You are immune to negative energy. (rN+++)
You are immune to unholy pain and torment.
You can survive without breathing.


Message History

Aim: a gnoll, wielding a +0 club of chaos You reach to attack!
You puncture the gnoll! You burn the gnoll.
The gnoll is severely wounded.
You hit the gnoll but do no damage.
The gnoll is poisoned.
The gnoll is severely wounded.
The gnoll barely misses you.
You barely miss the gnoll.
The gnoll is almost dead.
The gnoll hits you but does no damage.
You puncture the gnoll!
You kill the gnoll!
The gnoll completely misses you.
Things that are here:
a +0 club of chaos; a gnoll corpse You hit the gnoll.
The gnoll goes berserk!
The gnoll is moderately wounded.
The gnoll hits you with a +0 spear of chaos!
You are electrocuted!
Ouch! That really hurt!
You die...

### ..#### #. ≈.≈ ⌠⌠ #
.....# #.##.. .#≈ .##
#....# #...#..##⌠ #..
##...# ≈≈..≈≈≈#. #.#
.....# ^##.##.#### .#
.....# ..#≈.≈...#..#
.....##^# .##g≈≈.#≈.#
......###.≈##.##@#...#
.#.....##..≈⌠.#..#..##
...#...<######.### ##
#########......[.+
#....##.......#.#
#....##...........
####....##.......#....
...'..!.''....>..#####
###....##.......#


You could see a gnoll (berserk).

Vanquished Creatures
  2 gnolls (D:2)
  An adder (D:2)
  An ooze (D:1)
  2 giant cockroaches (D:1)
  3 goblins
  4 hobgoblins
  5 bats
  2 frilled lizards
  4 kobolds
  6 rats
30 creatures vanquished.

Notes
Turn   | Place    | Note
-------+----------+-------------------------------------------
     0 | D:1      | Inarius the Mummy Gladiator began the quest for the Orb.
     0 | D:1      | Reached XP level 1. HP: 16/16 MP: 1/1
    34 | D:1      | Reached XP level 2. HP: 22/22 MP: 2/2
   589 | D:2      | Reached XP level 3. HP: 22/27 MP: 3/3
   674 | D:2      | Reached skill level 3 in Axes
  1085 | D:2      | Slain by a gnoll

Levels and vault maps discovered:
D:1:      psy_arrival_statuary, layout_rooms
D:2:      layout_basic, tgw_xom, serial_bayou_lagoon_b

Skill      XL: |  1  2  3 |
---------------+----------+-----
Axes           | 3 |  3.1
Fighting       | |  2.4
Throwing       | |  1.7
Armour         | |  0.4
Dodging        | |  2.9

Action                   || total
-------------------------++-------
Melee: War axe           ||    77
       Spear             ||     5
Throw: Stone             ||     6
       Throwing net      ||     1
 Stab: Held in net/web   ||     1
Armor: Leather armour    ||    23
       Ring mail         ||     2
Dodge: Dodged            ||    62

Table legend:
 A = Non-vault XP
 B = Vault XP
 C = Vault XP percentage of total XP
 D = Non-vault monster count
 E = Vault monster count
 F = Vault count percentage of total count
                 A         B        C        D         E       F
            +---------+---------+-------+---------+---------+-------
      Total |      57 |      29 |  33.7 |      28 |       2 |   6.7
            +---------+---------+-------+---------+---------+-------
        D:1 |      32 |       0 |   0.0 |      19 |       0 |   0.0
        D:2 |      25 |      29 |  53.7 |       9 |       2 |  18.2
            +---------+---------+-------+---------+---------+-------
